 Dungeon Crawl Stone Soup version 0.30-a0-377-g5cb311bc9f (webtiles) character file.

Game seed: 14283302204098438204

20 tio the Grave Robber (level 2, -2/19 HPs)
             Began as a Demonspawn Necromancer on Nov 29, 2022.
             Was an Initiate of Ru.
             Slain by Robin
             ... wielding a +0 trident
              (7 damage)
             ... on level 2 of the Dungeon.
             The game lasted 00:08:13 (1094 turns).

tio the Grave Robber (Demonspawn Necromancer)       Turns: 1094, Time: 00:08:13

Health: -2/19      AC:  2    Str:  8    XL:     2   Next: 58%
Magic:  0/5        EV: 12    Int: 16    God:    Ru [......]
Gold:   96         SH:  0    Dex: 13    Spells: 4/5 levels left

rFire   . . .      SeeInvis .    l - +0 club
rCold   . . .      Faith    .    (no shield)
rNeg    . . .      Spirit   .    a - +0 robe
rPois   .          Reflect  .    (no helmet)
rElec   .          Harm     .    (no cloak)
rCorr   .          Rampage  .    (no gloves)
Will    .....                    (no boots)
Stlth   ++........               h - amulet of the acrobat
HPRegen 0.23/turn                g - +4 ring of slaying
MPRegen 0.09/turn                (no ring)

@: no status effects
A: foul stench 1
a: Renounce Religion, Sacrifice Experience, Sacrifice Love, Sacrifice a Hand,
Reject Sacrifices


You were on level 2 of the Dungeon.
You worshipped Ru.
Ru was noncommittal.
You visited 1 branch of the dungeon, and saw 2 of its levels.

You collected 96 gold pieces.

Inventory:

Hand Weapons
 d - a +0 dagger
 l - a +0 club (weapon)
Missiles
 e - 6 atropa-tipped darts
Armour
 a - a +0 robe (worn)
Jewellery
 g - a +4 ring of slaying (left hand)
 h - an amulet of the acrobat (around neck)
Scrolls
 f - a scroll of poison {unknown}
 j - 2 scrolls of blinking
Potions
 b - a potion of magic
 c - a potion of flight {unknown}
 k - a potion of curing {unknown}


   Skills:
 + Level 2.1 Dodging
 + Level 1.7 Stealth
 + Level 2.2 Spellcasting
 + Level 4.8 Necromancy


You had 4 spell levels left.
You knew the following spells:

 Your Spells              Type           Power      Damage    Failure   Level
a - Necrotise             Necr           68%        1d7       2%          1

Your spell library contained the following spells:

 Spells                   Type           Power      Damage    Failure   Level
 Vampiric Draining        Necr           17%        2d7       9%          3
 Beastly Appendage        Tmut           2%         N/A       21%         1
 Animate Dead             Necr           17%        N/A       26%         4
 Wereblood                Tmut           1%         N/A       30%         2
 Spider Form              Tmut/Pois      1%         N/A       52%         3
 Agony                    Necr           17%        N/A       58%         5


Dungeon Overview and Level Annotations

Branches:
Dungeon (2/15)

Altars:
Ru

Annotations:
D:2 Robin


Innate Abilities, Weirdness & Mutations

You may rarely emit foul miasma when damaged in melee.


Message History

Your jackal skeleton bites the goblin.
Your goblin skeleton closely misses the goblin.
The goblin hits your jackal skeleton with a +0 club.
Your jackal skeleton bites the goblin.
Your goblin skeleton closely misses the goblin.
The goblin hits your jackal skeleton with a +0 club.
Your jackal skeleton is destroyed!
You swap places.
Your goblin skeleton hits the goblin.
The goblin writhes in agony!
You kill the goblin!
The dead are walking!
HP restored.
Robin of the Strong Arm comes into view.
They are wielding a +0 trident.
Your jackal skeleton crumbles into dust!
Robin says, "We wiped out the hill dwarves - you're next!"
Robin roars a battlecry!
You hear a shout!
You hear a shout! x5
Robin writhes in agony.
You hear a shout!
Robin closely misses you.
You are out of magic!
You are out of magic!
You are out of magic!
Robin barely misses you.
A goblin comes into view. It is wielding a +0 club.
You hit Robin but do no damage.
Robin is moderately wounded.
Robin throws the goblin at you! The goblin hits you with a +0 club.
You hit Robin.
Robin is moderately wounded.
Your goblin skeleton hits Robin.
The goblin hits you with a +0 club. Robin misses you.
You hit Robin but do no damage.
Robin is heavily wounded.
The goblin hits you with a +0 club. Robin hits you with a +0 trident.
* * * LOW HITPOINT WARNING * * *
Your goblin skeleton hits Robin but does no damage.
Robin hits you with a +0 trident!
You die...

.... .. #.#
#..###. <..
...... . #.##
#.... .. #..#
#... .##..#
#.... ....#
#.#.# #g.#
#†#.#
#@Z#####.#.#
#Zg......#.#
###.########.#
#.).....# #.#
#..####.# #.#
.....
#.####.###
######
#........##..
#........##.#
#........##>#


You could see Robin (ally target), a goblin (strong) and 2 friendly goblin
skeletons.

Vanquished Creatures
  An endoplasm (D:1)
  A giant cockroach (D:1)
  3 goblins
  3 jackals (D:2)
  A quokka (D:2)
  A ball python (D:1)
  A bat (D:1)
  3 frilled lizards
  A kobold (D:2)
  5 rats
20 creatures vanquished.

Notes
Turn   | Place    | Note
-------+----------+-------------------------------------------
     0 | D:1      | tio the Demonspawn Necromancer began the quest for the Orb.
     0 | D:1      | Reached XP level 1. HP: 13/13 MP: 3/3
   565 | D:1      | Gained mutation: You may rarely emit foul miasma when
                  | damaged in melee. [demonic ancestry]
   565 | D:1      | Reached XP level 2. HP: 19/19 MP: 3/5
   608 | D:1      | Found a faded altar of an unknown god.
   619 | D:1      | Prayed at the altar of an unknown god.
   619 | D:1      | Became a worshipper of Ru the Awakened
  1087 | D:2      | Noticed Robin
  1094 | D:2      | Slain by Robin

Illustrated notes

Levels and vault maps discovered:
D:1:      moated_graveyard_arrival, layout_basic, ebering_ecumenical_altar_box
D:2:      layout_basic, uniq_robin

Skill      XL: |  1 |
---------------+----+-----
Dodging        | 2 |  2.1
Stealth        | |  1.7
Spellcasting   | |  2.2
Necromancy     | |  4.8

Action                   || total
-------------------------++-------
Melee: Unarmed           ||    34
       Punch             ||     1
       Club              ||     7
 Cast: Necrotise         ||    27
  Use: Scroll            ||     4
Armor: Robe              ||    13
Dodge: Dodged            ||    29

Table legend: (Time is in decaauts)
 A = Elapsed time spent in this place.
 B = Non-inter-level travel time spent in this place.
 C = Inter-level travel time spent in this place.
 D = Time resting spent in this place.
 E = Time spent auto-exploring this place.
 F = Levels seen in this place.
 G = Mean time per level.
                   A        B        C        D        E       F      G
               +--------+--------+--------+--------+--------+-----+--------+
         Total |   1094 |    996 |     98 |      0 |    828 |   2 |  547.0 |
       Dungeon |   1094 |    996 |     98 |      0 |    828 |   2 |  547.0 |
               +--------+--------+--------+--------+--------+-----+--------+

Top non-repeatable levels by time:
     D:1: 809 daAuts
     D:2: 284 daAuts
